[Event "Championnat d'Europe Rapide"]
[Date "2024.12.07"]
[White "Fridman, Daniel"]
[Black "Vuckovic, Zarko"]
[WhiteElo "2571"]
[BlackElo "2334"]
[Round "6.19"]
[Result "1/2-1/2"]
[TimeControl "900+10"]

1. d4 Nf6 2.
Nf3 d5 3. c4 e6 4. g3 Bb4+ 5. Nc3 O-O 6. Bg2 c5 7. O-O cxd4 8. Nxd4 dxc4 9. Ndb5 Nc6 10. Qa4 Qa5 11. Qxa5 Bxa5 12. Rd1 e5 13. Nd6 Nd4 14. Bd2 Be6 15. Nxb7 Bb6 16. e3 Nc2 17. Rab1 Rab8 18. Ne4 Nxe4 19.
Bxe4 f5 20.
Bxc2 Rxb7 21. Bb4 Rc8 22. Bc3 e4 23. Rd2 Kf7 24. Rbd1 Bc5 25. Ba4 Be7 26. Bd7 Bxd7 27. Rxd7 Rcc7 28. Rxc7 Rxc7 29. g4 fxg4 30. Rd4 Bf6 31. Rxe4 h5 32. Kg2 Rc5 33. Rf4 Ke6 34. a4 a6 35. Kg3 Bd8 36. Re4+ Kf7 37. Kg2 Bc7 38. Bb4 Rc6 39. Re7+ Kf6 40. Rd7 g6 41. Bc3+ Kf5 42. h3 gxh3+ 43. Kxh3 g5 44. Rd5+ Kg6 45. f3 Bd6 46. Bd2 Be7 47. Bc3 Rd6 48. Rc5 Re6 49. Rxc4 Rxe3 50. Kg2 Re2+ 51. Kf1 Re6 52. b4 Kf5 53. Bd4 Bf6 54. b5 axb5 55. axb5 Bxd4 56. Rxd4 Rb6 57. Rb4 Ke5 58. Kf2 Kd5 59. Rb1 Kc4 60. Rh1 h4 61. f4 gxf4 1/2-1/2

[Site "Europe Echecs"]

[Event "Championnat d'Europe Rapide"]
[Date "2024.12.07"]
[White "Grigoriants, Sergey"]
[Black "Koelle, Tobias"]
[WhiteElo "2542"]
[BlackElo "2437"]
[Round "6.20"]
[Result "1-0"]
[TimeControl "900+10"]

1. d4 Nf6 2.
c4 e6 3. Nc3 Bb4 4. e3 O-O 5. Bd3 d5 6. a3 Bxc3+ 7.
bxc3 dxc4 8.
Bxc4 c5 9.
Ne2 Qc7 10.
Ba2 b6 11.
O-O Bb7 12.
Ng3 Nbd7 13.
Qe2 a5 14.
Re1 Ba6 15.
Qb2 h5 16.
h4 Rfc8 17.
e4 e5 18.
Bg5 c4 19.
a4 g6 20.
Qa3 Rab8 21.
Rad1 Re8 22.
Bb1 Nh7 23.
Be3 Nhf8 24.
Nf1 Ne6 25.
Nh2 Rbd8 26.
Nf3 exd4 27.
cxd4 Nf6 28.
d5 Nc5 29.
Bg5 Nfxe4 30. Bxe4 Nxe4 31. Bxd8 Qxd8 32.
d6 Qd7 33.
Qb2 c3 34.
Qxb6 c2 35.
Rc1 Bd3 36.
Qd4 1-0

[Site "Europe Echecs"]

[Event "Championnat d'Europe Rapide"]
[Date "2024.12.07"]
[White "Danov, Lyubomir"]
[Black "Grigorov, Grigor"]
[WhiteElo "2297"]
[BlackElo "2497"]
[Round "6.21"]
[Result "1/2-1/2"]
[TimeControl "900+10"]

1. e4 c6 2.
d4 d5 3.
exd5 cxd5 4.
Bd3 Nc6 5.
c3 e5 6.
dxe5 Nxe5 7.
Nf3 Nxd3+ 8.
Qxd3 Bd6 9.
O-O Ne7 10.
Bg5 O-O 11.
Nbd2 Bf5 12.
Qb5 f6 13.
Bh4 Qd7 14.
Qxd7 Bxd7 15. Bg3 Bc5 16. Nb3 Bb6 17. Bd6 Rfe8 18. Rad1 Bg4 19. Bxe7 Rxe7 20. Rxd5 Re2 21. Nfd2 Rae8 22. h3 Be6 23. Rd3 Bf5 24. Rd5 Be6 25. Rd3 Bf5 26. Rd5 Be6 1/2-1/2

[Site "Europe Echecs"]

[Event "Championnat d'Europe Rapide"]
[Date "2024.12.07"]
[White "Zajic, Milan"]
[Black "Fromm, Marius"]
[WhiteElo "2392"]
[BlackElo "2459"]
[Round "6.22"]
[Result "1-0"]
[TimeControl "900+10"]

1. e4 c5 2. Nf3 e6 3. d4 cxd4 4. Nxd4 Nf6 5. Nc3 Nc6 6. Nxc6 bxc6 7. e5 Nd5 8. Ne4 Bb7 9. Be2 c5 10. O-O Qc7 11. Nd6+ Bxd6 12. exd6 Qc6 13. f3 Qb6 14. Kh1 O-O 15. a3 e5 16. Bd3 Rfe8 17. Re1 Re6 18. c4 Nf4 19. Bxf4 exf4 20. Rxe6 dxe6 21. Qd2 Rd8 22. Rd1 e5 23. b4 g6 24. Be4 Bc8 25. Qd5 Be6 26. Qxe5 Bxc4 27.
bxc5 Qb3 28.
Qd4 Be2 29.
Re1 1-0

[Site "Europe Echecs"]

[Event "Championnat d'Europe Rapide"]
[Date "2024.12.07"]
[White "Todorovic, Goran N"]
[Black "Kozul, Zdenko"]
[WhiteElo "2256"]
[BlackElo "2519"]
[Round "6.23"]
[Result "0-1"]
[TimeControl "900+10"]

1. Nf3 Nf6 2. c4 g6 3. Nc3 Bg7 4. e4 d6 5. d4 O-O 6. Be2 e5 7. Be3 c6 8. d5 Ng4 9. Bg5 f6 10. Bc1 f5 11. h3 Nf6 12. Nd2 Na6 13. Bf3 Nc5 14. Qe2 cxd5 15. cxd5 a5 16. g4 b6 17. a4 fxe4 18. Bxe4 Ba6 19. Nb5 Nfxe4 20. Nxe4 Nb3 21. Bg5 Qd7 22. Rd1 Nd4 23. Rxd4 exd4 24. O-O Rae8 25. Qc2 Re5 26. Bh4 Bxb5 27. axb5 Rxd5 28. Qc6 Qxc6 29. bxc6 Rc8 30. Rc1 d3 0-1

[Site "Europe Echecs"]

[Event "Championnat d'Europe Rapide"]
[Date "2024.12.07"]
[White "Kazakouski, Valery"]
[Black "Krallis, Christos"]
[WhiteElo "2567"]
[BlackElo "2383"]
[Round "6.24"]
[Result "1-0"]
[TimeControl "900+10"]

1. Nf3 c5 2.
e4 e6 3. d4 cxd4 4. Nxd4 Nf6 5. Nc3 Nc6 6. a3 Be7 7. Be2 d6 8. Be3 e5 9. Nf3 O-O 10. O-O Ng4 11. Bc1 Be6 12. h3 Nf6 13. Bg5 h6 14. Bxf6 Bxf6 15. Nd5 Bg5 16. c3 Kh8 17. Bc4 f5 18. exf5 Rxf5 19. Bd3 Rf8 20. Be4 Bf4 21. Qd3 Bxd5 22.
Bxd5 Qd7 23.
Rad1 Ne7 24.
Qe4 Rab8 25.
Rd3 h5 26.
Ba2 Qc6 27.
Re1 Rfd8 28.
Bd5 Qc7 29.
Red1 b5 30.
Ba2 Qc6 31.
Bd5 Qc8 32.
g3 Bh6 33.
Kg2 Rf8 34.
Ba2 Qf5 35.
Re1 Qf6 36.
Bb1 g6 37.
Re2 Bg7 38.
Ba2 Rbd8 39.
Nd2 Qf5 40.
Bd5 Bh6 41.
Nb3 Qg5 42.
h4 Qf5 43.
Na5 Rd7 44.
Nc6 Qxe4+ 45. Bxe4 Rf6 46. Nxe5 Rd8 47. Nc6 Nxc6 48. Bxc6 a6 49. Re7 Bc1 50. Re2 Bh6 51. f4 Kg7 52. Bd5 Rf5 53. Re7+ Kf8 54. Ra7 Re8 55. Kf3 Re1 56. Rxa6 Rf1+ 57. Kg2 Rb1 58. Rd2 Re5 59. Rxd6 Ree1 60. Rxg6 Bg7 61. Rg5 Rg1+ 62. Kh3 Rbe1 63. Rxh5 Re3 64. Bg2 1-0

[Site "Europe Echecs"]

[Event "Championnat d'Europe Rapide"]
[Date "2024.12.07"]
[White "Popovic, Milos T"]
[Black "Alonso Rosell, Alvar"]
[WhiteElo "2334"]
[BlackElo "2532"]
[Round "6.25"]
[Result "1-0"]
[TimeControl "900+10"]

1. d4 Nf6 2.
Bg5 d5 3.
Bxf6 gxf6 4.
c4 c5 5.
cxd5 Qxd5 6.
Nf3 cxd4 7. Nc3 Qd8 8. Nxd4 Bg7 9. e3 a6 10. Qh5 e6 11. Rd1 Qb6 12. Bc4 Qxb2 13. O-O O-O 14. Ne4 h6 15. Nd6 Qb6 16. N4f5 exf5 17. Bxf7+ Kh8 18. Bb3 Nc6 19. Nf7+ Kh7 20. Rd6 Qxb3 21. axb3 Ne7 22. Nd8 Ng6 23. Ne6 Bxe6 24. Rxe6 f4 25. Qf5 Rf7 26. h4 h5 27. Qxh5+ Bh6 28. Qf5 Kg7 29. h5 Nf8 30. Re4 fxe3 31. fxe3 Rd8 32. Re7 Rd6 33. Rxf7+ Kxf7 34. e4 Re6 35. e5 Be3+ 36. Kh1 Bd4 37. exf6 Bxf6 38. g4 Ke7 39. g5 1-0

[Site "Europe Echecs"]

[Event "Championnat d'Europe Rapide"]
[Date "2024.12.07"]
[White "Baidetskyi, Valentin"]
[Black "Dragicevic, Drazen"]
[WhiteElo "2519"]
[BlackElo "2332"]
[Round "6.26"]
[Result "1/2-1/2"]
[TimeControl "900+10"]

1. e4 e5 2.
Bc4 Nf6 3.
d3 c6 4. Nf3 d5 5. Bb3 Bd6 6. Nc3 d4 7. Ne2 O-O 8. O-O Nbd7 9. c3 c5 10. Ng3 a6 11. Nf5 Bc7 12. Ng5 b5 13. Qf3 Nb6 14. Rd1 h6 15. Nh3 Bxf5 16.
Qxf5 Qd7 17.
Qf3 Qg4 18.
Qxg4 Nxg4 19. Bd2 Rfd8 20. Rac1 c4 21. Bc2 dxc3 22.
Bxc3 cxd3 23. Bxd3 Na4 24. Be2 Nf6 25. Rxd8+ Rxd8 26. Bb4 Bb6 27. b3 Nb2 28.
Rc6 Bd4 29. Be7 Rd7 30. Bxf6 gxf6 31. Rxa6 Rc7 32. g3 Rc2 33. Kf1 Rc1+ 34. Kg2 b4 35. Rxf6 Kg7 36. Ra6 Rc2 37. Kf3 Rc3+ 38. Kg4 Rc2 39. Bc4 Nxc4 40. bxc4 Rxc4 41. f4 Rc2 42. fxe5 Bxe5 43. Nf4 Bxf4 44.
gxf4 Rxh2 45. e5 Re2 46. Ra7 Re4 47. Rb7 Re2 48. Ra7 Re4 49. Kf5 Re2 50. Ra4 Rb2 51. e6 fxe6+ 52. Kxe6 Re2+ 53. Kf5 Rc2 54. Ra7+ Kf8 55. Ke5 Rc5+ 56. Ke6 Rc6+ 57. Kd5 Rb6 58. f5 b3 59. axb3 Rxb3 60. f6 Rd3+ 61. Ke4 Rd1 62. Kf5 Rf1+ 63. Kg6 Rg1+ 64. Kxh6 Rh1+ 65. Kg6 1/2-1/2

[Site "Europe Echecs"]

[Event "Championnat d'Europe Rapide"]
[Date "2024.12.07"]
[White "Mamedov, Rauf"]
[Black "Dobrikov, Marco"]
[WhiteElo "2656"]
[BlackElo "2407"]
[Round "6.27"]
[Result "1-0"]
[TimeControl "900+10"]

1. e4 c5 2.
Nf3 d6 3.
Nc3 Nf6 4. e5 dxe5 5. Nxe5 Nbd7 6. d4 cxd4 7.
Qxd4 a6 8. Bf4 e6 9. O-O-O Be7 10. Be2 O-O 11. Bf3 Nxe5 12. Qxd8 Rxd8 13.
Bxe5 Nd7 14.
Bc7 Re8 15.
a4 Ra7 16.
a5 Bd8 17.
Bxd8 Rxd8 18. Na4 Kf8 19. Rd6 Re8 20. Rhd1 Ke7 21. b4 Ne5 22. Nb6 Nxf3 23. gxf3 e5 24. R6d5 f6 25. Rc5 Bf5 26. Rc7+ Kf8 27. c4 e4 28. fxe4 Bxe4 29. Rdd7 g5 30. Rf7+ Kg8 31. Rxf6 1-0

[Site "Europe Echecs"]

[Event "Championnat d'Europe Rapide"]
[Date "2024.12.07"]
[White "Fressinet, Laurent"]
[Black "Todorovic, Goran N"]
[WhiteElo "2588"]
[BlackElo "2256"]
[Round "6.28"]
[Result "1-0"]
[TimeControl "900+10"]

1. d4 d5 2. Nf3 Nf6 3. g3 c5 4. c4 e6 5. Bg2 Nc6 6. cxd5 exd5 7. O-O Be7 8. Nc3 O-O 9. Bf4 Bf5 10. Rc1 c4 11. Ne5 h6 12. Qa4 Rc8 13. Nxc6 bxc6 14. b3 cxb3 15. axb3 Re8 16. Qxa7 Bb4 17. Na4 Ba3 18. Ra1 Bd6 19. Bxd6 Qxd6 20. e3 Be4 21. Qc5 Qe6 22. Qc1 Bxg2 23.
Kxg2 h5 24.
Nc5 Qf5 25.
Qb1 Qg5 26.
h4 Qh6 27.
Qf5 Ng4 28.
Ra7 Rf8 29.
Rxf7 Rxf7 30. Qxc8+ Kh7 31. Ne6 1-0

[Site "Europe Echecs"]

[Event "Championnat d'Europe Rapide"]
[Date "2024.12.07"]
[White "Pichot, Alan"]
[Black "Nevednichy, Vladislav"]
[WhiteElo "2637"]
[BlackElo "2451"]
[Round "6.29"]
[Result "0-1"]
[TimeControl "900+10"]

1. e4 e6 2. d4 d5 3. Nc3 Nf6 4. e5 Nfd7 5. Nce2 c5 6. c3 Nc6 7. Nf3 a5 8. a3 a4 9. Nf4 Qa5 10. Qd2 cxd4 11. cxd4 Nb6 12. h4 Bd7 13. Be2 Be7 14. O-O Qxd2 15.
Bxd2 O-O 16.
Rac1 Rfc8 17. g3 Na5 18. Bxa5 Rxa5 19. Rxc8+ Nxc8 20. Rc1 Bc6 21. Nd3 Bd8 22. Nb4 Bd7 23. Ne1 Ne7 24. Bd3 Bb6 25. Nf3 h6 26. Kf1 Kf8 27. Ke2 Nc6 28. Nc2 Ra8 29. g4 Na5 30. Rg1 g6 31. h5 g5 32. Nd2 Rc8 33. Rf1 Nb3 34. Ke3 Rxc2 35. Bxc2 Nxd4 36. Bd3 Nc6+ 37. Ke2 Nxe5 38. Rg1 Nxd3 39. Kxd3 Bxf2 40. Rg2 Bb5+ 41. Kc3 Bc5 42. Nf3 f6 43. Nd4 Bd7 44. Kd3 Ke7 45. Rf2 b6 46. Rf1 Kf7 47. Kc3 Ke7 48. Kd3 f5 49. Re1 Kf6 50. gxf5 exf5 51. Rd1 f4 52. Rf1 Bf5+ 53. Kc3 Be4 54. b4 axb3 55. Nxb3 Bxa3 56. Ra1 Bd6 57. Ra6 Bc7 58. Ra7 Be5+ 59. Nd4 f3 60. Ra8 g4 61. Re8 Bxd4+ 62. Kxd4 g3 63. Ke3 [Site "Europe Echecs"]

[Event "Championnat d'Europe Rapide"]
[Date "2024.12.07"]
[White "Djukic, Nikola"]
[Black "Gaponenko, Inna"]
[WhiteElo "2493"]
[BlackElo "2343"]
[Round "6.30"]
[Result "0-1"]
[TimeControl "900+10"]

1. e4 c5 2.
Nf3 g6 3. d4 cxd4 4. Nxd4 Nc6 5. c4 Bg7 6. Be3 Nf6 7. Nc3 O-O 8. Be2 b6 9. O-O Bb7 10. Nc2 e6 11. f4 d5 12. e5 Ne4 13. Nxe4 dxe4 14. c5 bxc5 15. Bxc5 Qxd1 16.
Raxd1 Rfc8 17. Rd7 Nxe5 18. fxe5 Rxc5 19.
Rxb7 Rxc2 20. Rfxf7 Bxe5 21. Bg4 Bd4+ 22. Kf1 Rc1+ 23. Ke2 Rac8 24. Rg7+ Bxg7 25. Bxe6+ Kh8 26. Bxc8 Rxc8 27. Ke3 Re8 28. Rxa7 Bxb2 29. Ra4 Bc1+ 30. Ke2 e3 31. Rc4 Bd2 32. a4 Ra8 33. g4 g5 34. h3 Ra7 35. Kd3 Kg7 36. Ke2 Kf6 37. Re4 Ra6 38. Rc4 Ra7 39. Re4 h6 40. Rc4 Ra6 41. Re4 Re6 42. Rc4 Ke5 43. Rc5+ Kf4 0-1

[Site "Europe Echecs"]

[Event "Championnat d'Europe Rapide"]
[Date "2024.12.07"]
[White "Veljanoski, Andrej"]
[Black "Smeets, Jan"]
[WhiteElo "2304"]
[BlackElo "2552"]
[Round "6.31"]
[Result "0-1"]
[TimeControl "900+10"]

1. e4 c6 2.
d4 d5 3. e5 Bf5 4. Nf3 e6 5. Be2 Nd7 6. O-O Ne7 7. a4 Qc7 8. Nbd2 f6 9. Re1 fxe5 10. Nxe5 Nxe5 11. dxe5 O-O-O 12.
Nf3 c5 13.
a5 a6 14. b4 cxb4 15. Nd4 Nc6 16. Nxf5 exf5 17. Bf4 Bc5 18. Bd3 g6 19. g4 Kb8 20. gxf5 gxf5 21. Qh5 Rhg8+ 22.
Kf1 Qg7 23.
e6+ Ka7 24.
Bg3 f4 25.
Qxh7 fxg3 0-1

[Site "Europe Echecs"]

[Event "Championnat d'Europe Rapide"]
[Date "2024.12.07"]
[White "Kadric, Denis"]
[Black "Denk, Adolf"]
[WhiteElo "2544"]
[BlackElo "2113"]
[Round "6.32"]
[Result "1-0"]
[TimeControl "900+10"]

1. e4 e5 2. Nf3 Nf6 3. d3 Nc6 4. c3 d5 5. Nbd2 Be7 6. b4 a6 7. Bb2 O-O 8. Be2 Re8 9. O-O Bf8 10. a3 Bg4 11. Qc2 Qd7 12. Rfe1 Rad8 13. Bf1 dxe4 14. dxe4 h6 15. h3 Be6 16. Nc4 Bxc4 17. Bxc4 Qe7 18. a4 Nd7 19. Bd5 Qf6 20. a5 Rb8 21. Rad1 Red8 22. Re3 Bd6 23. Nd2 Ne7 24. Ba2 Rf8 25. Rf3 Qg6 26. Nc4 Rbd8 27. Rg3 Qf6 28. Ne3 g6 29. Bc1 h5 30. Nf5 Kh7 31. Bg5 1-0

[Site "Europe Echecs"]

[Event "Championnat d'Europe Rapide"]
[Date "2024.12.07"]
[White "Zlatkov, Anton"]
[Black "Livaic, Leon"]
[WhiteElo "2324"]
[BlackElo "2560"]
[Round "6.33"]
[Result "0-1"]
[TimeControl "900+10"]

1. e4 d6 2.
d4 Nf6 3. Nc3 e5 4. Nge2 c6 5. a4 Be7 6. g3 h5 7. h3 Nbd7 8. Bg2 b6 9. O-O Bb7 10. f4 a6 11. Be3 b5 12. axb5 axb5 13. d5 O-O 14. Rxa8 Qxa8 15. dxc6 Bxc6 16. Nd5 Bxd5 17. exd5 Qa6 18. fxe5 dxe5 19. Qd3 Bc5 20. Kh2 Bxe3 21. Qxe3 b4 22. Rd1 Qa2 23. Qc1 Rc8 24. c3 bxc3 25. Nxc3 Qc4 26. Qe3 Rb8 27. Rd2 h4 28. d6 hxg3+ 29. Qxg3 e4 30. Qf4 Re8 31. Bf1 Qe6 32. Bb5 Rd8 33. Re2 Nc5 34. b4 Nh5 35. Qe3 Qxd6+ 36. Kg1 Ne6 37. Nxe4 Qxb4 38. Nc3 Nhf4 39. Rf2 Rc8 40. Rc2 Nd4 41. Rd2 Nxb5 42.
Nxb5 Nxh3+ 43. Qxh3 Rc1+ 0-1

[Site "Europe Echecs"]

[Event "Championnat d'Europe Rapide"]
[Date "2024.12.07"]
[White "Uruci, Endrit"]
[Black "Stojanovski, Dejan"]
[WhiteElo "2328"]
[BlackElo "2407"]
[Round "6.34"]
[Result "0-1"]
[TimeControl "900+10"]

1. e4 d6 2.
Nc3 Nf6 3.
d4 e5 4.
dxe5 dxe5 5.
Qxd8+ Kxd8 6. Bc4 Ke8 7. Nge2 a6 8. a4 Bd6 9.
Be3 Nbd7 10.
f3 b6 11.
Nd5 Bb7 12.
Nec3 Nxd5 13. Nxd5 b5 14. Bb3 b4 15. a5 Nf6 16. Ba4+ Kf8 17. Nxf6 gxf6 18. Bh6+ Ke7 19.
h4 Bc5 20.
g4 Rad8 21.
Rd1 Rxd1+ 22. Kxd1 Rd8+ 23. Ke2 Bc8 24. Bb3 Be6 25. Bxe6 fxe6 26. Bd2 Rb8 27. b3 Bd4 28. Kd3 c5 29. g5 Rb5 30. gxf6+ Kxf6 31. Bg5+ Kf7 32. Bd8 Rb8 33. Bb6 Rg8 34. h5 Rg3 35. Rf1 Rh3 36. h6 Rxh6 37. f4 Rh3+ 38. Ke2 exf4 39. Rxf4+ Ke7 40. Rg4 Kd7 41. Rg8 Kc6 42. Ra8 Kb5 43. Rb8 Re3+ 44. Kd2 Rxe4 45. Bd8+ Kc6 46. Rb6+ Kd7 47. Bg5 Bc3+ 48. Kd3 Rd4+ 49. Ke2 Rd6 50. Rb7+ Kc6 51. Rxh7 e5 52. Rh8 Kd5 53. Be7 Rd7 54. Bg5 Rd6 55. Be7 Rd7 56. Bg5 Bd4 57. Ra8 Rd6 58. Be7 Rg6 59. Rd8+ Ke4 60. Rc8 Rg2+ 61. Kf1 Rxc2 62. Rc6 c4 0-1

[Site "Europe Echecs"]

[Event "Championnat d'Europe Rapide"]
[Date "2024.12.07"]
[White "Beerdsen, Thomas"]
[Black "Guid, Matej"]
[WhiteElo "2502"]
[BlackElo "2266"]
[Round "6.35"]
[Result "1-0"]
[TimeControl "900+10"]

1. e4 e6 2.
d4 d5 3. Nc3 dxe4 4. Nxe4 Nd7 5. Nf3 Ngf6 6. Bg5 h6 7. Nxf6+ Nxf6 8. Bxf6 Qxf6 9. Bd3 Bd6 10. Qe2 Bd7 11. O-O-O O-O-O 12. Be4 Kb8 13. Kb1 c5 14. dxc5 Bxc5 15. Rd3 Ba4 16. Rc3 Bb4 17. Re3 Bc5 18. Rc3 Bb4 19. Rd3 Rxd3 20. Qxd3 Rc8 21. Rc1 Bc5 22. Qd2 Qd8 23. Bd3 Bc6 24. Qe2 Qb6 25. Ne5 f6 26. Nc4 Qc7 27. g3 Bd5 28. Ne3 Qc6 29. Nxd5 Qxd5 30. Be4 Qd4 31. Rd1 Qxf2 32. Qb5 Bb6 33. Qd7 Bc7 34. Qxe6 Qe2 35. Qd5 Qa6 36. Qf7 g5 37. a3 Qb6 38. Rd3 Qg1+ 1-0

[Site "Europe Echecs"]

[Event "Championnat d'Europe Rapide"]
[Date "2024.12.07"]
[White "Subelj, Jan"]
[Black "Kukov, Velislav"]
[WhiteElo "2526"]
[BlackElo "2316"]
[Round "6.36"]
[Result "1-0"]
[TimeControl "900+10"]

1. e4 g6 2.
d4 Bg7 3.
Nf3 c6 4.
Bd3 d5 5. e5 Bg4 6. Nbd2 c5 7. c3 Nc6 8. h3 Bxf3 9. Nxf3 cxd4 10.
cxd4 e6 11.
O-O Nge7 12.
a3 O-O 13.
b4 a6 14.
Bg5 Qb6 15.
Qd2 Rac8 16.
Qf4 Nf5 17.
Bxf5 exf5 18. Qh4 Nd8 19. Rac1 Ne6 20. Bf6 Rc6 21. Bxg7 Kxg7 22. Rxc6 Qxc6 23. Qf6+ Kg8 24. h4 Rc8 25. h5 Nf4 26. hxg6 Qxf6 27. gxh7+ Kxh7 28. exf6 Kg6 29. Re1 Kxf6 30. g3 Nd3 31. Re3 Rc1+ 32. Kg2 Nb2 33. Re5 Nc4 34. Rxd5 Nxa3 35. Nh4 Nb5 36. Rxf5+ Kg7 37. Nf3 Rb1 38. Rd5 Rxb4 39. Rd7 Nc3 40. Ne5 a5 41. Rxf7+ Kg8 42. Rc7 Ne4 43. d5 a4 44. Nc4 b5 45. d6 Nf6 46. Nb6 a3 47. Nd5 Nxd5 48. d7 Nf4+ 49. gxf4 Rd4 50. Rc8+ Kf7 51. d8=Q Rxd8 52. Rxd8 b4 53. Ra8 1-0

[Site "Europe Echecs"]

[Event "Championnat d'Europe Rapide"]
[Date "2024.12.07"]
[White "Larkin, Vladyslav"]
[Black "Tudor, Henry Edward"]
[WhiteElo "2449"]
[BlackElo "2375"]
[Round "6.37"]
[Result "0-1"]
[TimeControl "900+10"]

1. e4 c5 2.
Nf3 d6 3.
Bb5+ Bd7 4.
Bxd7+ Nxd7 5. c4 Ngf6 6. Nc3 Ne5 7. d3 e6 8.
O-O Be7 9.
Ne1 O-O 10.
f4 Nc6 11.
Nf3 a6 12.
a4 Nd4 13.
Kh1 Ne8 14.
Be3 Nxf3 15.
Qxf3 Nc7 16.
d4 Rb8 17.
Rad1 Qe8 18.
e5 dxe5 19.
d5 exd5 20.
cxd5 Bd6 21.
Ne4 exf4 22.
Bxf4 Bxf4 23. Qxf4 Rd8 24. Rde1 Qd7 25. Nf6+ gxf6 26. Rf3 Nxd5 27.
Qh6 Kh8 28.
Ref1 Rg8 29.
Rh3 Rg7 30. Rd1 Qg4 31. Rd2 Re8 32. Kg1 Qf4 33. Qxf4 Nxf4 34. Rf3 Ne2+ 35. Kf2 Nd4 36. Rxf6 Kg8 37. b4 Ne6 38. b5 axb5 39. axb5 Rg6 40. Rf5 b6 41. h4 Nd4 42. Rd5 Nxb5 43. h5 Rf6+ 44. Kg1 h6 45. Rd7 Nd4 46. Rc7 Kg7 47. Rd3 Re5 48. Rh3 Rff5 49. Ra3 Ne2+ 0-1

[Site "Europe Echecs"]

[Event "Championnat d'Europe Rapide"]
[Date "2024.12.07"]
[White "Samunenkov, Ihor"]
[Black "Wyss, Jonas"]
[WhiteElo "2543"]
[BlackElo "2270"]
[Round "6.38"]
[Result "1-0"]
[TimeControl "900+10"]

1. d4 Nf6 2.
c4 g6 3. Nf3 Bg7 4. g3 c6 5. Bg2 d5 6. cxd5 cxd5 7. Nc3 Ne4 8. Qb3 Nxc3 9. bxc3 Nc6 10. Nd2 e6 11. Ba3 Bf8 12. Bxf8 Kxf8 13. e4 dxe4 14.
Nxe4 Kg7 15.
h4 h5 16.
Ng5 Qc7 17.
O-O Na5 18.
Qb4 Nc4 19.
Rfd1 Rd8 20.
Qc5 Qxc5 21.
dxc5 Rxd1+ 22. Rxd1 Ne5 23. Rd8 Nc6 24. Bxc6 bxc6 25. Ne4 Bb7 26. Rd7 Ba6 27. Nd6 Kf6 28. c4 Ke5 29. Nxf7+ Ke4 30. Ng5+ Kf5 31. Rf7+ Ke5 32. Rf4 Bxc4 33. Rxc4 Kd5 34. Rc2 1-0

[Site "Europe Echecs"]

[Event "Championnat d'Europe Rapide"]
[Date "2024.12.07"]
[White "Pacher, Milan"]
[Black "Herega, Nejc"]
[WhiteElo "2310"]
[BlackElo "2249"]
[Round "6.39"]
[Result "1/2-1/2"]
[TimeControl "900+10"]

1. e4 d6 2.
d4 Nf6 3.
Nc3 e5 4.
Nf3 Nbd7 5.
Bc4 Be7 6.
O-O O-O 7.
Re1 c6 8. a4 h6 9. Ba2 Re8 10. Nh4 exd4 11.
Qxd4 Nf8 12.
Qd3 Be6 13.
Bxe6 Nxe6 14. Nf5 Bf8 15. Qg3 Kh8 16. Be3 Nh5 17. Qf3 Nf6 18. Rad1 d5 19. exd5 cxd5 20. Nxd5 Nxd5 21. Qxd5 Qf6 22. c3 Rad8 23. Qf3 Rxd1 24. Rxd1 Nc5 25. a5 Kh7 26. h4 b6 27. axb6 axb6 28. h5 Re5 29. g4 Qe6 30. b4 Ne4 31. Bd4 Ng5 32. Qd3 Re4 33. f3 Re1+ 34. Rxe1 Qxe1+ 35. Kg2 g6 36. Ng3 Ne6 37. hxg6+ fxg6 38. Qe3 Qxe3 39. Bxe3 b5 40. f4 Bg7 41. Ne4 Nc7 42. Kf3 Nd5 43. Bd2 Kg8 44. f5 gxf5 45. gxf5 Be5 46. Bxh6 Nxc3 47. Bd2 Nd5 48. Nc5 Bc3 49. Bxc3 Nxc3 50. Kg4 Kf7 51. Kg5 Nd5 52. Nd3 Kg7 53. Ne5 Nf6 54. Nc6 Nd5 55. Ne5 Nf6 56. Ng4 Ne4+ 57. Kf4 Nc3 58. Ke5 Na2 59. Ke6 Nxb4 60. f6+ Kf8 61. f7 Nc6 62. Ne5 Nxe5 63. Kxe5 b4 64. Kd4 b3 65. Kc3 Kxf7 66. Kxb3 1/2-1/2

[Site "Europe Echecs"]

[Event "Championnat d'Europe Rapide"]
[Date "2024.12.07"]
[White "Domalchuk-Jonasson, Aleksandr"]
[Black "Stefanova, Antoaneta"]
[WhiteElo "2377"]
[BlackElo "2418"]
[Round "6.40"]
[Result "1-0"]
[TimeControl "900+10"]

1. c4 c6 2.
d4 d5 3. Nc3 Nf6 4. e3 a6 5. c5 e5 6. dxe5 Nfd7 7. e4 d4 8. Qxd4 Bxc5 9. Qd1 Nxe5 10.
Qxd8+ Kxd8 11. Bf4 Nbd7 12. Be2 Re8 13. Rd1 b5 14. Nf3 Ng6 15. Bg3 Ke7 16. h4 Kf8 17. h5 Nge5 18. Nd2 f6 19. h6 g6 20. Nb3 Bb6 21. f4 Nf7 22. Bf3 Nc5 23. Bf2 Nd7 24. Bxb6 Nxb6 25. Nc5 b4 26. Ne2 Ra7 27. Nd4 Rc7 28. Kf2 Kg8 29. a3 bxa3 30. bxa3 Nc4 31. a4 a5 32. Rc1 Ncd6 33. Rhd1 Nxh6 34. e5 fxe5 35. fxe5 Rxe5 36. Nxc6 Ng4+ 37. Kg1 Nf7 38. Nxe5 Ngxe5 39. Bd5 Bg4 40. Rf1 Re7 41. Rce1 Bf5 42. g4 Bxg4 43. Bxf7+ Rxf7 44. Rxe5 Bf5 45. Rfe1 Rc7 46. Ne6 Rc4 47. Rxa5 Rg4+ 48. Kf2 Kf7 49. Nd8+ Kf6 50. Ra6+ Kg5 51. Ne6+ Bxe6 52. Rexe6 Rf4+ 53. Ke3 Rf1 54. a5 Kg4 55. Ke2 Ra1 56. Ra7 g5 57. Rh6 1-0

[Site "Europe Echecs"]

[Event "Championnat d'Europe Rapide"]
[Date "2024.12.07"]
[White "Baskin, Robert"]
[Black "Garcia Perez, Javier"]
[WhiteElo "2442"]
[BlackElo "2081"]
[Round "6.41"]
[Result "1-0"]
[TimeControl "900+10"]

1. e4 c5 2.
Nf3 d6 3. d4 cxd4 4. Nxd4 Nf6 5. Nc3 a6 6. Rg1 e5 7. Nb3 h5 8. h3 h4 9. Be3 Be6 10. Qf3 Nbd7 11.
O-O-O Rc8 12. Nd5 Bxd5 13. exd5 Qc7 14. c3 b5 15. Kb1 g6 16. g4 hxg3 17. fxg3 Bg7 18. g4 O-O 19. g5 e4 20. Qg2 Nh7 21. Nd2 Ne5 22. Nxe4 Rfe8 23. h4 b4 24. cxb4 Qe7 25. Bxa6 Nc4 26. Bc1 Rc7 27. Rge1 Qd7 28. a3 Ra8 29. Bxc4 Rxc4 30. Ka2 Rxb4 31. Rd3 Be5 32. Qc2 Qb7 33. Nc5 Qb5 34. Rb3 Rxb3 35. Nxb3 Qxd5 36. Qe4 Qxe4 37. Rxe4 f5 38. gxf6 Nxf6 39. Rb4 Kf7 40. a4 Nd5 41. Rb7+ Ke6 42. a5 Bf6 43. Bg5 Ne7 44. Nd4+ Ke5 45. Rxe7+ Bxe7 46. Nc6+ Ke6 47. Nxe7 Rxa5+ 48. Kb3 Rb5+ 49. Kc3 Rc5+ 1-0

[Site "Europe Echecs"]

[Event "Championnat d'Europe Rapide"]
[Date "2024.12.07"]
[White "Molina Carretero, Daniel"]
[Black "Domingo Nunez, Ruben"]
[WhiteElo "2195"]
[BlackElo "2409"]
[Round "6.42"]
[Result "1/2-1/2"]
[TimeControl "900+10"]

1. c4 g6 2.
g3 Bg7 3.
Bg2 d6 4.
Nf3 Nf6 5.
Nc3 O-O 6.
d4 Nbd7 7.
O-O c5 8. d5 Rb8 9. h3 a6 10. a4 b6 11. Bf4 Ne8 12. Qd2 Nc7 13. Bh6 b5 14. Bxg7 Kxg7 15.
axb5 axb5 16. Nxb5 Nxb5 17. cxb5 Rxb5 18.
Qc3+ Kg8 19.
Nd2 Rb4 20.
Nc4 Nb6 21.
Na5 Bd7 22.
Nc6 Bxc6 23.
dxc6 Qc7 24.
b3 Rb8 25.
Ra3 Nc8 26.
Rfa1 e6 27.
h4 h5 28.
Bf3 R4b5 29.
Qf6 d5 30.
e4 Qxc6 31.
exd5 Qd7 32.
dxe6 Qxe6 33. Qxe6 fxe6 34. Be2 R5b6 35.
Bc4 Kf7 36.
Re1 R8b7 37.
Ra8 Rc7 38.
Re5 Kf6 39.
f4 Ne7 40.
Ra5 Rbc6 41.
Kf2 Nf5 42.
Bb5 Rd6 43.
Bc4 Rdc6 44.
Bb5 Rb6 45.
Bc4 Rbc6 46.
Bb5 Rd6 47.
Bc4 Rd2+ 48.
Ke1 Rg2 49.
Rxe6+ Kg7 50. Bd3 Rxg3 51. Bxf5 gxf5 52. Re5 Rxb3 53. Raxc5 Re3+ 54. Kf2 Rxc5 55. Rxc5 Rh3 56. Rxf5 Rxh4 57. Kg3 Rg4+ 58. Kh3 Kg6 59. Rg5+ Rxg5 60. fxg5 Kxg5 61. Kh2 h4 62. Kh1 Kg4 63. Kg1 Kh3 64. Kh1 Kg3 65. Kg1 h3 66. Kh1 Kf2 67.
Kh2 Kf1 68. Kxh3 1/2-1/2

[Site "Europe Echecs"]

[Event "Championnat d'Europe Rapide"]
[Date "2024.12.07"]
[White "Eftovski, Mateo"]
[Black "Bulmaga, Irina"]
[WhiteElo "2029"]
[BlackElo "2386"]
[Round "6.43"]
[Result "0-1"]
[TimeControl "900+10"]

1. d4 Nf6 2. c4 e6 3. Nc3 Bb4 4. Nf3 b6 5. Qc2 Bb7 6. a3 Bxc3+ 7. Qxc3 d6 8. g3 Nbd7 9. Bg2 O-O 10. O-O Ne4 11. Qc2 f5 12. Ng5 Nxg5 13.
Bxb7 Rb8 14.
Bg2 c5 15.
d5 e5 16. h4 Ne4 17. Bxe4 fxe4 18.
Qxe4 b5 19.
Bg5 Qe8 20.
b3 h6 21.
Bd2 Nf6 22.
Qc2 Qh5 23.
f3 Rb7 24.
Be1 e4 25.
g4 Qe5 26.
Qc3 Qe7 27.
Bg3 Rfb8 28.
cxb5 Rxb5 29. b4 cxb4 30. axb4 Rxb4 31. Ra6 exf3 32. exf3 Qe2 33. Rxd6 Rb1 34. Re1 R8b2 0-1

[Site "Europe Echecs"]